AoeStats
← Ebrio

African Clearing

506561505Analyzed
4v4 RM · 19d ago on Sep 14, 2026· 56m 49s· 8 players
Game mode
Random Map
Map size
Large (8 player)
Population
200
Speed
Normal
Resources
Standard
Victory
Conquest
Starting age
Dark Age
Ending age
Imperial Age
RankedLock teamsTeams togetherTeam positionsShared explorationLock speedFull tech treeHidden civsTurbo modeCheats
Victory
Defeat
🇲🇽 Huns · Mexico
929
+15
🇲🇽 Mongols · Mexico
809
+20
🇲🇽 Cumans · Mexico
784
+20
🇲🇽 Vietnamese · Mexico
782
+21
🇦🇷 Persians · Argentina
927
-20
🇷🇺 Saracens · Russia
921
-20
🇦🇷 Teutons · Argentina
880
-19
🇨🇦 Huns · Canada
844
-17
eliasamicone24
5:57 Loom
18:36 Feudal Age
28:06 Double-Bit Axe
Ebrio
9:34 Loom
18:51 Feudal Age
22:42 Castle Age
20:36 Double-Bit Axe
20:34 Horse Collar
23:25 Wheelbarrow
30:28 Scale Barding Armor
30:34 Forging
Xeno
9:36 Loom
13:52 Feudal Age
14:39 Double-Bit Axe
15:25 Horse Collar
22:23 Castle Age
23:44 Bloodlines
23:34 Husbandry
25:57 Bow Saw
28:09 Heavy Plow
28:48 Elite Skirmisher
37:38 Imperial Age
35:28 Masonry
38:06 Ballistics
38:08 Cavalier
39:59 Conscription
41:53 Two-Man Saw
41:36 Paladin
49:48 Forging
49:44 Scale Barding Armor
Encebollado
15:37 Feudal Age
19:49 Castle Age
19:33 Double-Bit Axe
20:27 Wheelbarrow
21:17 Bow Saw
27:05 Loom
27:41 Horse Collar
32:06 Hand Cart
31:38 Town Watch
32:49 Scale Mail Armor
35:25 Scale Barding Armor
35:20 Padded Archer Armor
35:31 Forging
35:21 Padded Archer Armor
35:11 Fletching
37:58 Chain Mail Armor
39:25 Ballistics
39:42 Iron Casting
39:03 Bodkin Arrow
Dr. Heinz Doofenshmirtz
13:55 Loom
16:26 Feudal Age
22:28 Castle Age
21:16 Double-Bit Axe
21:56 Fletching
23:16 Padded Archer Armor
26:11 Pikeman
26:52 Squires
33:55 Bodkin Arrow
36:25 Wheelbarrow
36:35 Leather Archer Armor
37:46 Ballistics
38:51 Marauders
39:36 Hand Cart
42:02 Imperial Age
42:25 Bloodlines
43:50 Conscription
45:42 Chemistry
48:11 Bracer
Chekesin89
3:41 Loom
18:32 Feudal Age
19:14 Man-at-Arms
24:28 Double-Bit Axe
28:33 Castle Age
30:27 Wheelbarrow
32:39 Bloodlines
34:16 Horse Collar
34:49 Scale Barding Armor
34:54 Forging
34:45 Scale Mail Armor
44:37 Heavy Plow
45:24 Capped Ram
46:24 Chain Mail Armor
46:45 Iron Casting
46:30 Chain Barding Armor
47:49 Hand Cart
50:56 Imperial Age
48:32 Steppe Husbandry
52:54 Squires
52:14 Pikeman
53:38 Elite Kipchak
55:02 Plate Mail Armor
56:43 Crop Rotation
56:12 Gold Mining
55:52 Long Swordsman
Matarreyes
6:20 Loom
14:40 Feudal Age
15:09 Double-Bit Axe
19:18 Bloodlines
23:31 Castle Age
22:54 Forging
22:49 Scale Barding Armor
23:55 Wheelbarrow
26:15 Husbandry
26:43 Bow Saw
28:31 Stone Mining
28:33 Gold Mining
31:47 Hand Cart
32:14 Stone Shaft Mining
31:30 Horse Collar
34:49 Iron Casting
34:35 Chain Barding Armor
34:42 Elite Skirmisher
35:27 Thumb Ring
36:15 Town Watch
38:13 Pikeman
38:53 Squires
41:24 Ballistics
41:00 Murder Holes
42:23 Town Patrol
44:20 Fletching
44:30 Padded Archer Armor
44:35 Caravan
44:43 Scale Mail Armor
45:17 Coinage
44:32 Treadmill Crane
51:48 Imperial Age
51:59 Light Cavalry
53:28 Spies/Treason
54:14 Elite Rattan Archer
55:22 Paper Money
55:07 Chatras
57:06 Chain Mail Armor
57:26 Plate Barding Armor
56:47 Bodkin Arrow
57:07 Leather Archer Armor
57:25 Banking
57:06 Guilds
Odiseo
8:27 Loom
16:06 Feudal Age
17:32 Double-Bit Axe
22:12 Forging
22:14 Bloodlines
26:43 Castle Age
26:13 Scale Barding Armor
27:25 Wheelbarrow
27:26 Caravan
27:36 Husbandry
39:59 Chain Barding Armor
40:29 Iron Casting
43:10 Bow Saw
44:13 Hand Cart
47:12 Imperial Age
49:52 Elite Steppe Lancer
52:38 Conscription
52:44 Spies/Treason
53:44 Heavy Camel Rider
57:27 Blast Furnace
Connection lost

Rejoining the realm…

Still unreachable

The connection could not be restored.

Session expired

The server has moved on; the page needs a fresh start.